 Dungeon Crawl Stone Soup version 0.19.5 (webtiles) character file.

102 JeffiDaFish the Covered (level 4, 0/29 HPs)
             Began as a Gargoyle Fighter on Mar 11, 2017.
             Slain by an orc
             ... wielding a +0 falchion
              (4 damage)
             ... on level 3 of the Dungeon.
             The game lasted 00:05:25 (1684 turns).

JeffiDaFish the Covered (Gargoyle Fighter)          Turns: 1684, Time: 00:05:25

Health: 0/29       AC: 14    Str: 19    XL:     4   Next: 77%
Magic:  4/4        EV:  5    Int:  9    God:
Gold:   64         SH:  9    Dex: 10    Spells: 0 memorised, 3 levels left

rFire  . . .     SeeInvis .     i - +0 morningstar
rCold  . . .     Gourm    .     e - +1 chain mail
rNeg   + . .     Faith    .     c - +0 shield
rPois  ∞         Spirit   .     (no helmet)
rElec  +         Reflect  .     (no cloak)
rCorr  .         Harm     .     (no gloves)
MR     .....                    (no boots)
Stlth  ..........               a - amulet of rage
                                (no ring)
                                (no ring)

@: no status effects
A: negative energy resistance 1, electricity resistance, unbreathing,
petrification resistance, rot immunity, AC +3
a: Evoke Berserk Rage


You were on level 3 of the Dungeon.
You were not hungry.

You visited 1 branch of the dungeon, and saw 3 of its levels.

You collected 64 gold pieces.

Inventory:

Hand Weapons
 i - a +0 morningstar (weapon)
Armour
 c - a +0 shield (worn)
 e - a +1 chain mail (worn)
Jewellery
 a - an amulet of rage (around neck)
Scrolls
 h - 2 scrolls of identify
Potions
 d - a potion of might
Comestibles
 b - a meat ration
 f - 3 bread rations
 g - 2 chunks of flesh


   Skills:
 + Level 3.8 Fighting
 + Level 3.4 Maces & Flails
 + Level 4.1 Armour
 + Level 3.7 Shields


You had 3 spell levels left.
You didn't know any spells.

Dungeon Overview and Level Annotations

Branches:
Dungeon (3/15)

Altars:
Zin


Innate Abilities, Weirdness & Mutations

You are resistant to torment.
Your stone body is resilient. (AC +3)
You are immune to poison.
You resist negative energy. (rN+)
You are resistant to electric shocks. (rElec)
You can survive without breathing.
You are immune to petrification.
You are immune to rotting.


Message History

Beogh smites you!
Ouch! That really hurt!
* * * LOW HITPOINT WARNING * * *
The orc closely misses you. The adder bites you but does no damage.
You block the orc's attack.
Your shield and chain mail prevent you from hitting the orc priest.
The adder bites you.
* * * LOW HITPOINT WARNING * * *
The orc barely misses you.
The orc priest hits you but does no damage.
The adder bites you but does no damage. You block the orc's attack.
Okay, then.
The orc barely misses you. The orc hits you but does no damage.
The adder bites you but does no damage. The adder bites you but does no damage.
The orc hits you but does no damage. You block the adder's attack.
Found 21 arrows.
The orc hits you with a falchion.
You die...

...####.. ...........#
...#....... #.#...#..###
##........#8##
##.............
#..............
#............( #.#.o@....#
#.#.#.oS#.## #o#.##§##.§##
#.#..o§§§...## #...
#.####.####§.§.§..# #...
#..........§§§§§.#....##...
######.###..§§§§#.#### 8...
#.#.........## #...
#.#.###..#.## #...


You could see an adder and 2 orcs.

Vanquished Creatures
  A hound zombie (D:3)
  2 adders (D:2)
  2 oozes (D:1)
  4 worms (D:2)
  2 leopard geckos
  An orc (D:2)
  2 giant cockroaches
  4 goblins
  9 hobgoblins
  3 kobolds
  5 bats
  7 frilled lizards
  2 quokka skeletons (D:3)
  5 rats
49 creatures vanquished.

Notes
Turn   | Place    | Note
-------+----------+-------------------------------------------
     0 | D:1      | JeffiDaFish the Gargoyle Fighter began the quest for the Orb.
     0 | D:1      | Reached XP level 1. HP: 14/14 MP: 1/1
    88 | D:1      | Reached XP level 2. HP: 17/19 MP: 2/2
   464 | D:1      | Reached XP level 3. HP: 22/23 MP: 3/3
  1017 | D:2      | Reached XP level 4. HP: 29/29 MP: 4/4
  1179 | D:2      | Reached skill level 4 in Armour
  1181 | D:2      | Found a glowing silver altar of Zin.
  1684 | D:3      | Slain by an orc

Skill      XL: |  1  2  3  4 |
---------------+-------------+-----
Maces & Flails | 3 |  3.4
Armour         | 4 |  4.1
Fighting       | |  3.8
Shields        | |  3.7

Action                   |  1- 3 |  4- 6 || total
-------------------------+-------+-------++-------
Melee: Flail             |   123 |    38 ||   161
       Morningstar       |       |    63 ||    63
  Use: Scroll            |     5 |     1 ||     6
       Potion            |     2 |     1 ||     3
  Eat: Chunk             |     1 |     2 ||     3
Armor: Scale mail        |    17 |       ||    17
       Chain mail        |    54 |    92 ||   146
Dodge: Dodged            |    34 |    28 ||    62
Block: Shield            |    64 |    56 ||   120
